 Dungeon Crawl Stone Soup version 0.28.0-53-g5a82cb258f (webtiles) character file.

Game seed: 8474144358955424759

588 ProxyOne the Insei (level 7, -6/52 HPs)
             Began as a White Draconian Transmuter on May 28, 2022.
             Was an Initiate of Qazlal.
             Mangled by an ogre
             ... wielding a +0 giant spiked club
              (8 damage)
             ... on level 5 of the Dungeon.
             The game lasted 00:37:46 (4824 turns).

ProxyOne the Insei (White Draconian Transmuter)     Turns: 4824, Time: 00:37:47

Health: -6/52      AC:  6    Str: 18    XL:     7   Next: 15%
Magic:  9/10       EV: 12    Int: 15    God:    Qazlal [......]
Gold:   159        SH:  0    Dex: 12    Spells: 1/10 levels left

rFire   . . .      SeeInvis .     - Unarmed
rCold   + . .      Faith    .   (no shield)
rNeg    . . .      Spirit   .   (armour unavailable)
rPois   .          Reflect  .   (helmet currently unavailable)
rElec   .          Harm     .   (no cloak)
rCorr   .          Rampage  .   (no gloves)
Will    .....                   (boots currently unavailable)
Stlth   +.........              (no amulet)
HPRegen 0.17/turn               o - +6 ring of strength
MPRegen 0.12/turn               (no ring)

@: about to teleport, appendages (expiring)
A: horns 2, talons 2, breathe frost, AC +6, unfitting armour, cold resistance 1,
cold-blooded
a: Breathe Frost, End Transformation, Renounce Religion


You were on level 5 of the Dungeon.
You worshipped Qazlal.
Qazlal was noncommittal.
You had temporarily grown beastly horns and talons.
You visited 2 branches of the dungeon, and saw 6 of its levels.

You collected 189 gold pieces.
You spent 30 gold pieces at shops.

Inventory:

Hand Weapons
 s - a +1 dagger of venom
Armour
 j - a +1 pair of boots (melded)
Jewellery
 o - a +6 ring of strength (left hand)
Scrolls
 a - a scroll of identify {unknown}
 c - 2 scrolls of blinking {unknown}
 e - a scroll of teleportation
 g - a scroll of fear {unknown}
 i - a scroll of silence {unknown}
 l - a scroll of brand weapon {unknown}
 n - a scroll of magic mapping {unknown}
 q - 2 scrolls of enchant armour {unknown}
Potions
 b - a potion of flight
 d - a potion of heal wounds {unknown}
 f - a potion of attraction {unknown}
 h - 2 potions of brilliance
 m - a potion of curing
 r - 2 potions of might {unknown}


   Skills:
 - Level 1.1 Fighting
 - Level 1.7 Dodging
 + Level 6.2 Unarmed Combat
 - Level 2.1 Spellcasting
 + Level 5.6 Transmutations


You had one spell level left.
You knew the following spells:

 Your Spells              Type           Power      Damage    Failure   Level
a - Beastly Appendage     Tmut           36%        N/A       2%          1
b - Wereblood             Tmut           18%        N/A       3%          2
c - Ice Form              Ice/Tmut       10%        N/A       56%         4
d - Passwall              Tmut/Erth      8%         N/A       11%         2

Your spell library contained the following spells:

 Spells                   Type           Power      Damage    Failure   Level
 Apportation              Tloc           2%         N/A       22%         1
 Spider Form              Tmut/Pois      10%        N/A       21%         3
 Ensorcelled Hibernation  Hex/Ice        2%         N/A       32%         2
 Summon Guardian Golem    Hex/Summ       1%         N/A       54%         3
 Swiftness                Air            1%         N/A       54%         3
 Alistair's Intoxication  Tmut/Pois      6%         N/A       88%         5
 Fireball                 Conj/Fire      0%         3d3       99%         5
 Starburst                Conj/Fire      0%         6d3       100%        6
 Orb of Destruction       Conj           0%         9d5       100%        7
 Spellforged Servitor     Conj/Summ      0%         N/A       100%        7
 Ignition                 Fire           0%         3d3       100%        8


Dungeon Overview and Level Annotations

Branches:
Dungeon (5/15)             Temple (1/1) D:5

Altars:
Ashenzari
Cheibriados
Dithmenos
Fedhas
Gozag
Kikubaaqudgha
Makhleb
Qazlal
Ru
Sif Muna
Trog
Uskayaw
Vehumet
Wu Jian
Xom
Yredelemnul

Shops:
D:2 *   D:3 [


Innate Abilities, Weirdness & Mutations

You have temporarily grown beastly horns and talons.
You can breathe waves of freezing cold which knock back foes.
Your icy white scales are hard. (AC +6)
You cannot fit into any form of body armour.
Your flesh is cold resistant. (rC+)
You are cold-blooded and may be slowed by cold attacks.


Message History

Your horns disappear.
Your talons disappear.
Your +1 pair of boots unmelds from your body.
There is a stone staircase leading down here.
You climb downwards.
Found a stone staircase leading down.
There is a stone staircase leading up here.
An ogre comes into view. It is wielding a +0 giant spiked club.
The ogre shouts!
Throw: 3 darts (poison)
Press: ? - help, Shift-Dir - straight line, f - ogre
Aim: an ogre, wielding a +0 giant spiked club (72% to hit)
You throw a poisoned dart. The poisoned dart hits the ogre.
The ogre is poisoned.
Throw: 2 darts (poison)
Press: ? - help, Shift-Dir - straight line, f/p - ogre
Aim: an ogre, wielding a +0 giant spiked club (lightly wounded, poisoned, 72% to hit)
You throw a poisoned dart. The poisoned dart hits the ogre.
The ogre is lightly wounded.
Throw: dart (poison)
Press: ? - help, Shift-Dir - straight line, f/p - ogre
Aim: an ogre, wielding a +0 giant spiked club (lightly wounded, poisoned, 72% to hit)
You throw a poisoned dart. The poisoned dart hits the ogre.
The ogre looks even sicker.
The ogre is lightly wounded.
You grow a pair of large bovine horns.
Your feet morph into talons.
Your +1 pair of boots melds into your body.
The ogre hits you with a +0 giant spiked club!!
Okay, then.
You hit the ogre. Your headbutt misses the ogre.
The ogre is moderately wounded.
The ogre hits you with a +0 giant spiked club!!
Ouch! That really hurt!
* * * LOW HITPOINT WARNING * * *
Okay, then.
As you read the scroll of teleportation, it crumbles to dust.
You feel strangely unstable.
Your transformation is almost over.
A killer bee zombie comes into view.
The ogre hits you with a +0 giant spiked club!
You die...

..# #.##....
....... #...
........
....>.###..
.#.##....
.....#... ###.
#.... .......
.##.... .....#
.......
#.#..#######
.####.. .
#.#.........
#..
....####.O@<.#
#..
....((.....#.#
##g
..#######..#...
######.
#.###....
#.....g #.#
...... ..##...
#.# ......
....... ..#
..... ..##...
#.# .....
..#.... ...
#.....


You could see an ogre (poisoned).

Vanquished Creatures
  3 scorpions (D:4)
  A howler monkey (D:3)
  A hound (D:4)
  2 bullfrog skeletons
  2 orc priests (D:4)
  6 gnolls
  8 adders
  An adder zombie (D:5)
  A worm (D:2)
  3 dart slugs
  16 orcs
  A ball python (D:2)
  5 bats
  7 endoplasms
  A giant cockroach (D:2)
  7 goblins
  6 jackals
  4 kobolds
  4 quokkas
  3 frilled lizards
82 creatures vanquished.

Vanquished Creatures (others)
  2 plants (D:5)
2 creatures vanquished.

Grand Total: 84 creatures vanquished

Notes
Turn   | Place    | Note
-------+----------+-------------------------------------------
     0 | D:1      | ProxyOne the Draconian Transmuter began the quest for the
                  | Orb.
     0 | D:1      | Reached XP level 1. HP: 16/16 MP: 3/3
    52 | D:1      | Found a faded altar of an unknown god.
   157 | D:1      | Reached XP level 2. HP: 23/23 MP: 3/5
  1004 | D:2      | Found Lawk's Assorted Antiques.
  1012 | D:2      | Bought a scroll labelled NAUTUUTSUMP for 30 gold pieces
  1042 | D:2      | Reached XP level 3. HP: 28/28 MP: 4/6
  1180 | D:2      | Learned a level 2 spell: Wereblood
  1626 | D:2      | Reached skill level 4 in Unarmed Combat
  1671 | D:2      | Reached XP level 4. HP: 28/35 MP: 7/7
  2103 | D:3      | Found Loufunet's Antique Armour Shop.
  2568 | D:3      | Found a shadowy altar of Dithmenos.
  2569 | D:3      | Found an opulent altar of Gozag.
  2847 | D:4      | Noticed a scorpion
  2867 | D:4      | Noticed a scorpion
  2947 | D:4      | Killed a scorpion
  2948 | D:4      | Reached XP level 5. HP: 40/40 MP: 8/8
  3053 | D:4      | Reached skill level 5 in Unarmed Combat
  3261 | D:4      | Reached XP level 6. HP: 47/47 MP: 9/9
  3432 | D:4      | Reached skill level 5 in Transmutations
  3652 | D:4      | Reached skill level 6 in Unarmed Combat
  3969 | D:4      | Your scales start taking on an icy white colour.
  3969 | D:4      | Reached XP level 7. HP: 46/52 MP: 10/10
  3969 | D:4      | Gained mutation: Your flesh is cold resistant. (rC+) [White
                  | Draconian growth]
  3974 | D:4      | Learned a level 4 spell: Ice Form
  3977 | D:4      | Learned a level 2 spell: Passwall
  4037 | D:5      | Entered Level 5 of the Dungeon
  4172 | D:5      | Found a staircase to the Ecumenical Temple.
  4180 | Temple   | Entered the Ecumenical Temple
  4450 | Temple   | Became a worshipper of Qazlal Stormbringer
  4821 | D:5      | HP: 1/52 [ogre/+0 giant spiked club (29)]
  4824 | D:5      | Mangled by an ogre

Illustrated notes

Levels and vault maps discovered:
D:1:      dpeg_arrival_stone_temple_mockup, layout_loops_cross,
          hellmonk_ecumenical_altar_dog_temple, kennysheep_another_room
D:2:      layout_loops_ring, serial_shops, shop
D:3:      layout_loops_cross, gammafunk_temple_overflow_statue, serial_shops,
          nicolae_square_shop, kennysheep_pointless_box
D:4:      layout_cave_pools
D:5:      layout_rooms, minmay_temple_entry_gardened_gates, uniq_edmund,
          uniq_crazy_yiuf_cottage
Temple:   dpeg_chambers_temple

Skill      XL: |  1  2  3  4  5  6 |
---------------+-------------------+-----
Unarmed Combat | 4 5 6 |  6.2
Transmutations | 3 4 5 |  5.6
Fighting       | |  1.1
Dodging        | |  1.7
Spellcasting   | |  2.1

Action                   |  1- 3 |  4- 6 |  7- 9 || total
-------------------------+-------+-------+-------++-------
Melee: Unarmed           |    79 |   126 |    36 ||   241
       Kick              |    21 |    24 |    12 ||    57
       Tailslap          |     8 |     9 |     4 ||    21
       Punch             |     1 |     1 |     3 ||     5
       Headbutt          |     5 |    17 |     1 ||    23
Throw: Dart              |     4 |    11 |     5 ||    20
       Throwing net      |       |     1 |       ||     1
 Cast: Beastly Appendage |    24 |    26 |     8 ||    58
       Wereblood         |     1 |     1 |     2 ||     4
  Use: Scroll            |       |     1 |     1 ||     2
       Potion            |       |       |     4 ||     4
 Stab: Sleeping          |     1 |       |       ||     1
Armor: Skin              |    20 |    31 |     4 ||    55
Dodge: Dodged            |    41 |    57 |    16 ||   114
